AoeStats
← Отец

MegaRandom

509493589Analyzed
3v3 RM · 6d ago on Sep 27, 2026· 58m 45s· 6 players
Game mode
Random Map
Map size
Normal (6 player)
Population
200
Speed
Normal
Resources
Standard
Victory
Conquest
Starting age
Dark Age
Ending age
Imperial Age
RankedLock teamsTeams togetherTeam positionsShared explorationLock speedFull tech treeHidden civsTurbo modeCheats
Victory
Defeat
🇳🇿 Danes · New Zealand
1264
+18
🇧🇷 Vietnamese · Brazil
1253
+18
🇺🇸 Magyars · United States
1209
+20
🇵🇪 Japanese · Peru
1362
-21
🇲🇽 Franks · Mexico
1305
-19
🇨🇴 Italians · Colombia
1236
-16
Отец
6:58 Loom
14:33 Feudal Age
15:43 Double-Bit Axe
23:32 Castle Age
21:20 Horse Collar
21:53 Gold Mining
23:01 Bloodlines
23:05 Scale Barding Armor
27:14 Corvinian Army
29:23 Wheelbarrow
31:29 Heavy Plow
32:21 Husbandry
33:16 Chain Barding Armor
39:05 Imperial Age
38:44 Hand Cart
38:27 Town Watch
40:13 Conscription
40:38 Murder Holes
41:21 Bow Saw
42:08 Plate Barding Armor
44:11 Hoardings
44:46 Town Patrol
44:38 Fletching
44:49 Padded Archer Armor
45:12 Ballistics
45:53 Chemistry
46:27 Elite Magyar Huszar
49:51 Bodkin Arrow
55:16 Two-Man Saw
54:19 Bracer
59:07 Thumb Ring
58:27 Elite Skirmisher
ReiKing
7:27 Loom
15:16 Feudal Age
21:20 Castle Age
19:14 Double-Bit Axe
20:54 Horse Collar
23:32 Heavy Plow
29:00 Wheelbarrow
30:03 Hand Cart
35:05 Imperial Age
32:33 Gold Mining
32:34 Stone Mining
33:32 Town Watch
34:59 Forging
34:54 Scale Barding Armor
34:54 Fletching
36:00 Bloodlines
35:50 Husbandry
35:12 Elite Battle Elephant
36:43 Crop Rotation
37:53 Chain Barding Armor
38:09 Iron Casting
38:17 Chatras
38:40 Paper Money
41:45 Plate Barding Armor
49:09 Bodkin Arrow
49:33 Thumb Ring
48:48 Elite Skirmisher
50:15 Padded Archer Armor
51:07 Ballistics
51:48 Chemistry
52:32 Bracer
52:47 Leather Archer Armor
54:28 Imperial Skirmisher
56:23 Ring Archer Armor
56:00 Pikeman
56:40 Squires
56:26 Arson
56:42 Scale Mail Armor
57:27 Bow Saw
57:13 Halberdier
58:10 Chain Mail Armor
Gingerpatches
5:37 Loom
13:32 Feudal Age
17:55 Castle Age
16:28 Arson
17:34 Double-Bit Axe
18:05 Horse Collar
23:34 Medium Warships
25:52 Wheelbarrow
27:55 Squires
29:56 Heavy Plow
31:32 Scale Mail Armor
31:43 Forging
33:18 Hand Cart
33:03 Gambesons
33:58 Town Watch
39:02 Imperial Age
40:32 Imperial Age
43:35 Conscription
43:08 Fletching
43:54 Iron Casting
43:35 Chain Mail Armor
42:49 Hamask
42:53 Elite Jomsviking
43:57 Bodkin Arrow
44:06 Elite Varangian Guard
45:07 Chain Mail Armor
50:05 Chain Mail Armor
49:21 Capped Ram
52:34 Plate Mail Armor
52:15 Siege Ram
54:52 Blast Furnace
55:29 Bow Saw
JAGR | CIHUACOATL
5:28 Loom
15:00 Feudal Age
19:18 Castle Age
17:23 Double-Bit Axe
20:04 Wheelbarrow
24:41 Fervor
28:01 Town Watch
31:49 Hand Cart
33:29 Husbandry
36:58 Imperial Age
35:06 Murder Holes
35:32 Ballistics
35:25 Forging
35:20 Scale Barding Armor
36:46 Iron Casting
37:33 Chain Barding Armor
37:37 Cavalier
38:29 Town Patrol
39:21 Plate Barding Armor
40:00 Chemistry
41:25 Fletching
41:35 Padded Archer Armor
42:00 Light Cavalry
43:17 Chivalry
44:21 Conscription
44:36 Pikeman
45:23 Scale Mail Armor
46:47 Halberdier
49:05 Chain Mail Armor
51:33 Blast Furnace
JAGR | HIPERYON
18:19 Feudal Age
19:53 Loom
19:54 Town Watch
22:29 Castle Age
21:13 Horse Collar
21:21 Double-Bit Axe
28:37 Imperial Age
26:11 Treadmill Crane
27:07 Ballistics
26:37 Heated Shot
28:07 Fletching
30:19 Chemistry
29:51 Fervor
33:39 Wheelbarrow
38:29 Murder Holes
38:20 Arrowslits
40:13 Bodkin Arrow
40:19 Padded Archer Armor
43:19 Conscription
46:05 Hand Cart
46:09 Elite Genoese Crossbowman
46:55 Bracer
47:49 Bow Saw
51:43 Devotion
53:18 Silk Road
53:09 Pirotechnia
53:01 Caravan
53:32 Coinage
53:13 Guilds
53:23 Thumb Ring
JAGR | Rojnar
9:06 Loom
12:08 Feudal Age
15:55 Castle Age
14:38 Double-Bit Axe
15:12 Gold Mining
16:18 Fletching
16:43 Fishing Lines
21:01 Bodkin Arrow
26:41 Medium Warships
26:57 Husbandry
28:04 Fervor
30:39 Bow Saw
30:09 Horse Collar
35:43 Imperial Age
34:12 Wheelbarrow
34:47 Padded Archer Armor
36:01 Gold Shaft Mining
36:34 Ballistics
36:28 Bracer
37:13 Parthian Tactics
40:01 Chemistry
40:19 Guard Tower
42:36 Conscription
42:58 Arrowslits
43:49 Keep
44:34 Gillnets
46:17 Leather Archer Armor
47:38 Yasama
49:16 Murder Holes
49:32 Masonry
49:17 Murder Holes
49:32 Masonry
51:58 Ring Archer Armor
52:21 Siege Engineers
53:17 Hand Cart
52:47 Town Watch
54:06 Scale Mail Armor
56:12 Two-Man Saw
55:28 Heavy Plow
57:16 Chain Mail Armor
57:11 Forging
59:05 Plate Mail Armor
Connection lost

Rejoining the realm…

Still unreachable

The connection could not be restored.

Session expired

The server has moved on; the page needs a fresh start.